 Dungeon Crawl Stone Soup version 0.32-a0-999-gfa1cc04b1d (webtiles) character file.

Game seed: 4604273570659759305

1868 Cancer the Sneak (level 9, -2/58 HPs)
             Began as an Octopode Shapeshifter on Apr 24, 2024.
             Was an Initiate of Wu Jian.
             Slain by a gnoll
             ... wielding a +0 spear
             ... led by a gnoll bouda
              (3 damage)
             ... on level 6 of the Dungeon.
             The game lasted 00:20:53 (5856 turns).

Cancer the Sneak (Octopode Shapeshifter)            Turns: 5856, Time: 00:20:54

Health: -2/58      AC:  8    Str: 18    XL:     9   Next: 13%
Magic:  9/9        EV: 13    Int: 12    God:    Wu Jian [......]
Gold:   316        SH:  0    Dex: 11    Spells: 8/8 levels left

rFire   . . .        y - +0 dagger (protect)
rCold   . . .        (no shield)
rNeg    . . .        (helmet currently unavailable)
rPois   .            (no amulet)
rElec   .            z - ring of resist corrosion
rCorr   +            (no ring)
SInv    .            (no ring)
Will    .....        (no ring)
Stlth   +++++        (no ring)
HPRegen 0.29/turn    (no ring)
MPRegen 0.11/turn    (no ring)
                     (no ring)

%: no passive effects
@: beast-form, under a protective aura
A: beast (slay +4), almost no armour, amphibious, 8 rings, camouflage 1,
gelatinous body 1, (nimble swimmer 1), tentacles
a: Begin Untransformation, Renounce Religion


You were on level 6 of the Dungeon.
You worshipped Wu Jian.
Wu Jian was noncommittal.
You were a hulking beast.
You visited 2 branches of the dungeon, and saw 7 of its levels.

You collected 316 gold pieces.

Inventory:

Hand Weapons
 t - a +2 vampiric hand axe
 y - a +0 dagger of protection (weapon)
Armour
 p - the +1 Delatra's gloves {ID++}
   (You found it on level 4 of the Dungeon)

   ID++:      It heals its wearer when they drink unknown potions, and restores
   their MP when they read unknown scrolls.
Magical Staves
 e - a staff of air
Jewellery
 f - an amulet of faith
 z - a ring of resist corrosion (left tentacle)
 B - a ring of magical power
Talismans
 b - a beast talisman (active)
 c - a flux talisman
 d - a granite talisman
Wands
 k - a wand of paralysis (10)
 w - a wand of flame (11)
Scrolls
 h - 2 scrolls of blinking {unknown}
 i - a scroll of enchant armour {unknown}
 j - a scroll of poison {unknown}
 l - 2 scrolls of brand weapon {unknown}
 m - a scroll of teleportation {unknown}
 o - a scroll of immolation
 u - 2 scrolls of identify {unknown}
 A - a scroll of revelation {unknown}
Potions
 a - 2 potions of lignification
 g - 4 potions of curing
 n - a potion of degeneration {unknown}
 q - a potion of berserk rage {unknown}
 r - 2 potions of magic {unknown}
 s - a potion of brilliance {unknown}
 v - a potion of ambrosia {unknown}
 x - a potion of enlightenment {unknown}


   Skills:
 - Level 4.0 Fighting
 - Level 4.0 Dodging
 + Level 7.8 Stealth
 + Level 4.7 Unarmed Combat
 + Level 7.7 Shapeshifting


You had 8 spell levels left.
You didn't know any spells.
Your spell library contained the following spells:

 Spells                   Type           Power      Damage    Failure   Level
 Foxfire                  Conj/Fire      0%         2x1d4     32%         1
 Freeze                   Ice            0%         1d3       32%         1
 Frozen Ramparts          Ice            0%         1d1       69%         3
 Hailstorm                Conj/Ice       0%         3d5       69%         3
 Plasma Beam              Fire/Air       0%         2x1d10    100%        6
 Starburst                Conj/Fire      0%         6d3       100%        6


Dungeon Overview and Level Annotations

Branches:
Dungeon (6/15)             Temple (1/1) D:5

Altars:
Cheibriados
Dithmenos
Elyvilon
Fedhas
Gozag
Hepliaklqana
Kikubaaqudgha
Makhleb
Okawaru
Qazlal
Ru
Trog
Uskayaw
Vehumet
Wu Jian
Xom
Yredelemnul
The Shining One

Shops:
D:3 (![*

Annotations:
D:1 cur,lign
D:2 1 runed translucent door, Crazy Yiuf
D:4 exclusion: black bear


Innate Abilities, Weirdness & Mutations

You are a hulking beast.
Your limbs bulge with bestial killing power. (Slay +4)
You cannot wear most types of armour.
You are amphibious.
You can wear up to eight rings at the same time.
Your skin changes colour to match your surroundings (Stealth+).
Your rubbery body absorbs attacks. (AC +1, EV +1)
((You are camouflaged when in or above water. (Stealth+)))
You have tentacles for arms and can constrict up to eight enemies at once.


Message History

The gnoll barely misses you.
You hit the iguana. You grab the iguana.
The iguana is lightly wounded.
You constrict the iguana. The iguana barely misses you.
The gnoll barely misses you.
You hit the iguana.
The iguana is heavily wounded.
You constrict the iguana. The iguana bites you!
* * * LOW HITPOINT WARNING * * *
The gnoll hits you from afar with a +0 spear.
* * * LOW HITPOINT WARNING * * *
You hit the iguana but do no damage. You squeeze the iguana.
You kill the iguana!
The Council accepts your kill. The gnoll barely misses you.
The gnoll closely misses you.
You hit the gnoll. You grab the gnoll.
The gnoll is moderately wounded.
You constrict the gnoll.
The gnoll is no longer moving quickly.
The gnoll hits you from afar with a +0 spear.
* * * LOW HITPOINT WARNING * * *
The gnoll barely misses you.
You hit the gnoll.
You kill the gnoll!
The Council accepts your kill.
The gnoll hits you from afar with a +0 spear.
* * * LOW HITPOINT WARNING * * *
You closely miss the gnoll. Your grab misses the gnoll.
The gnoll is no longer moving quickly.
The gnoll closely misses you. x2
You hit the gnoll. You grab the gnoll. You squeeze the gnoll.
The gnoll is heavily wounded.
You constrict the gnoll. The gnoll closely misses you.
The gnoll hits you from afar with a +0 spear.
* * * LOW HITPOINT WARNING * * *
You hit the gnoll.
The gnoll is almost dead.
You constrict the gnoll.
You kill the gnoll!
The Council accepts your kill.
The gnoll hits you from afar with a +0 spear.
You die...

#.....##....... ####
##..####.......
#..###..............
#...#...............
##.......##.........
##....>..............
#.............#......
##..)........)###.....
##..##h......)..##.....
#....)##...............
.....#g............#.....
.....#.............#.....
...g.................##..
.g........#.....####.#...
#.....(...#......# #.....
................# ##.##.
................# ##....


You could see a gnoll.

Vanquished Creatures
  Grinder (D:5)
  A water moccasin (D:5)
  A black bear (D:6)
  An ogre (D:6)
  2 centaurs (D:6)
  A bullfrog (D:6)
  2 scorpions
  5 wights (D:6)
  2 bombardier beetles
  A gnoll bouda (D:6)
  An orc priest (D:3)
  3 hounds
  3 iguanas
  3 jellies
  Natasha (thrice) (D:2)
  2 orc wizards
  A sleepcap (D:4)
  Robin (D:1)
  7 gnolls
  6 adders
  A white imp (D:6)
  2 ufetubi (D:5)
  A dart slug (D:5)
  4 ribbon worms
  12 orcs
  5 bats
  8 endoplasms
  2 giant cockroaches (D:1)
  13 goblins
  10 hobgoblins
  6 quokkas
  8 ball pythons
  5 frilled lizards
  7 kobolds
  5 rats
136 creatures vanquished.

Notes
Turn   | Place    | Note
-------+----------+-------------------------------------------
     0 | D:1      | Cancer the Octopode Shapeshifter began the quest for the
                  | Orb.
     0 | D:1      | Reached XP level 1. HP: 13/13 MP: 1/1
    37 | D:1      | Reached skill level 1 in Stealth
   100 | D:1      | Reached XP level 2. HP: 15/18 MP: 2/2
   755 | D:2      | Noticed a bombardier beetle
   759 | D:2      | Noticed Natasha
   763 | D:2      | Reached XP level 3. HP: 23/23 MP: 3/3
   767 | D:2      | Killed Natasha
   829 | D:2      | Reached skill level 5 in Stealth
   836 | D:2      | Reached XP level 4. HP: 14/28 MP: 4/4
   906 | D:2      | Found a runed translucent door.
   907 | D:2      | Noticed Crazy Yiuf
  1035 | D:2      | Noticed Robin
  1284 | D:1      | Killed Robin
  1397 | D:2      | Noticed Natasha
  1411 | D:2      | Killed Natasha
  1414 | D:2      | Reached XP level 5. HP: 14/33 MP: 5/5
  1424 | D:2      | Noticed Natasha
  1435 | D:2      | Killed Natasha
  1767 | D:3      | Found Unai's Armour Emporium.
  1810 | D:3      | Found Hiotucin's Distillery.
  1850 | D:3      | Found an ancient bone altar of Kikubaaqudgha.
  1881 | D:3      | Found a hazy altar of Hepliaklqana.
  2074 | D:3      | Found Guorrext's Weapon Shoppe.
  2166 | D:3      | Found Essus's Assorted Antiques.
  2267 | D:3      | Found a faded altar of an unknown god.
  2290 | D:3      | Reached XP level 6. HP: 38/38 MP: 6/6
  2546 | D:3      | Reached skill level 5 in Shapeshifting
  2693 | D:4      | Noticed a black bear
  2754 | D:4      | Found the +1 Delatra's gloves {ID++}
  3078 | D:4      | Identified the +9 ring mail "Ackos" {*Slow Str+4 Dex+3
                  | Stlth+}
  3089 | D:4      | Reached XP level 7. HP: 29/43 MP: 7/7
  3435 | D:5      | Entered Level 5 of the Dungeon
  3435 | D:5      | Noticed Grinder
  3631 | D:5      | Found a shimmering altar of Xom.
  3632 | D:5      | Found an iron altar of Okawaru.
  3632 | D:5      | Found a basalt altar of Yredelemnul.
  4077 | D:5      | Found a staircase to the Ecumenical Temple.
  4815 | D:5      | Paralysed by Grinder for 5 turns
  4830 | D:5      | Killed Grinder
  4831 | D:5      | Reached XP level 8. HP: 42/52 MP: 8/8
  5080 | Temple   | Entered the Ecumenical Temple
  5110 | Temple   | Became a worshipper of the Wu Jian Council
  5695 | D:6      | Reached XP level 9. HP: 48/58 MP: 9/9
  5855 | D:6      | HP: 1/58 [gnoll/+0 spear[a gnoll bouda] (3)]
  5856 | D:6      | Slain by a gnoll

Illustrated notes

Levels and vault maps discovered:
D:1:      dpeg_arrival_water_temple_mockup, layout_basic
D:2:      layout_rooms, uniq_robin, uniq_crazy_yiuf_cottage, uniq_natasha
D:3:      layout_basic, mainiacjoe_overflow_big_doors, serial_shops, shop,
          nicolae_shop_stone, shop, nicolae_shop_behind_doors,
          hellmonk_ecumenical_altar_blasted, chequers_mini_garden, minivault_26
D:4:      layout_loops_ring
D:5:      layout_loops_cross, chequers_temple_overflow_statue_of_worship,
          minmay_temple_entry_from_below_a, serial_rivers,
          chequers_serial_rivers_room_b, chequers_serial_rivers_large_b,
          chequers_serial_rivers_small_b, chequers_serial_rivers_room_b,
          chequers_serial_rivers_micro_c, uniq_grinder
D:6:      layout_cave_pools
Temple:   oiseaux_autumnal_temple

Skill      XL: |  1  2  3  4  5  6  7  8 |
---------------+-------------------------+-----
Stealth        | 2 3 5 6 7 |  7.8
Shapeshifting  | 4 5 7 |  7.7
Fighting       | 3 4 |  4.0
Dodging        | 3 4 |  4.0
Unarmed Combat | 4 |  4.7

Action                     |  1- 3 |  4- 6 |  7- 9 || total
---------------------------+-------+-------+-------++-------
  Melee: Unarmed           |    47 |   113 |    48 ||   208
         Tentacles         |     9 |    23 |    33 ||    65
         Constrict         |    13 |    29 |    35 ||    77
         Punch             |       |     5 |     2 ||     7
         Dagger            |       |       |    85 ||    85
Ability: Lunge             |       |       |     3 ||     3
    Use: Potion            |       |     2 |       ||     2
   Stab: Sleeping          |     7 |    14 |     6 ||    27
 Armour: Skin              |    18 |    48 |    81 ||   147
  Dodge: Dodged            |    23 |    51 |    75 ||   149

Table legend: (Time is in decaauts)
 A = Elapsed time spent in this place.
 B = Non-inter-level travel time spent in this place.
 C = Inter-level travel time spent in this place.
 D = Time resting spent in this place.
 E = Time spent auto-exploring this place.
 F = Levels seen in this place.
 G = Mean time per level.
                   A        B        C        D        E       F      G
               +--------+--------+--------+--------+--------+-----+--------+
         Total |   5849 |   5389 |    460 |    891 |   2502 |   7 |  835.6 |
       Dungeon |   5788 |   5386 |    402 |    891 |   2502 |   6 |  964.7 |
        Temple |     60 |      2 |     58 |      0 |      0 |   1 |   60.0 |
               +--------+--------+--------+--------+--------+-----+--------+

Top non-repeatable levels by time:
     D:5: 1283 daAuts
     D:2: 990 daAuts
     D:3: 942 daAuts
     D:4: 935 daAuts
     D:6: 914 daAuts
     D:1: 721 daAuts
  Temple: 60 daAuts
